 Dungeon Crawl Stone Soup version 0.31-a0-202-g547052bce9 (webtiles) character file.

Game seed: 7204394560587451320

13 Strat the Cudgeller (level 2, 22/22 HPs)
             Began as a Human Wanderer on June 26, 2023.
             Was a Follower of Sif Muna.
             Quit the game on level 1 of the Dungeon.
             The game lasted 00:00:57 (222 turns).

Strat the Cudgeller (Human Wanderer)                 Turns: 222, Time: 00:00:57

Health: 22/22      AC:  4    Str: 11    XL:     2   Next: 50%
Magic:  3/3        EV: 11    Int: 10    God:    Sif Muna [*.....]
Gold:   18         SH:  0    Dex: 15    Spells: 2/3 levels left

rFire   . . .        a - +2 mace
rCold   . . .        (no shield)
rNeg    . . .        e - +0 leather armour
rPois   .            (no helmet)
rElec   .            (no cloak)
rCorr   .            h - +0 pair of gloves
SInv    .            (no boots)
Will    .....        (no amulet)
Stlth   +            (no ring)
HPRegen 0.23/turn    (no ring)
MPRegen 0.08/turn

%: no passive effects
@: no status effects
A: no striking features
a: Renounce Religion, Channel Magic


You were on level 1 of the Dungeon.
You worshipped Sif Muna.
Sif Muna was aware of your devotion.
You visited 1 branch of the dungeon, and saw 1 of its levels.

You collected 18 gold pieces.

Inventory:

Hand Weapons
 a - a +2 mace (weapon)
 c - a +0 dagger
Missiles
 b - 10 poisoned darts (quivered)
 g - 4 curare-tipped darts
Armour
 e - a +0 leather armour (worn)
 f - a +0 scale mail
 h - a +0 pair of gloves (worn)
Scrolls
 d - a scroll of fear


   Skills:
 - Level 2.0 Fighting
 + Level 3.0 Maces & Flails
 - Level 1.0 Throwing
 - Level 1.0 Armour
 - Level 1.0 Dodging
 - Level 1.0 Spellcasting
 - Level 2.0 Fire Magic


You had 2 spell levels left.
You knew the following spells:

 Your Spells              Type           Power      Damage    Failure   Level
a - Foxfire               Conj/Fire      8%         2x1d4     30%         1

Your spell library contained the following spells:

 Spells                   Type           Power      Damage    Failure   Level
 Inner Flame              Hex/Fire       2%         N/A       65%         3


Dungeon Overview and Level Annotations

Branches:
Dungeon (1/15)

Altars:
Sif Muna


Message History

The frilled lizard barely misses you.
You hit the frilled lizard.
You kill the frilled lizard!
Sif Muna accepts your kill.
No target in view!
No target in view!
You see here a +0 pair of gloves.
h - a +0 pair of gloves You start putting on your armour.
You continue putting on your +0 pair of gloves. x4
You finish putting on your +0 pair of gloves.
The goblin shouts!
No target in view!
No target in view!
You hit the goblin.
You kill the goblin!
Sif Muna accepts your kill.
No target in view!
No target in view!
A hobgoblin comes into view.
The hobgoblin shouts!
Things that are here:
a +0 club; a goblin corpse You completely miss the hobgoblin.
The hobgoblin barely misses you.
You hit the hobgoblin but do no damage. The hobgoblin barely misses you.
You barely miss the hobgoblin. The hobgoblin barely misses you.
You hit the hobgoblin.
The hobgoblin is lightly wounded.
The hobgoblin closely misses you.
The hobgoblin hits you but does no damage.
You closely miss the hobgoblin.
The hobgoblin is lightly wounded.
The hobgoblin barely misses you.
You hit the hobgoblin.
You kill the hobgoblin!
Sif Muna accepts your kill.
Your Maces & Flails skill increases to level 3!
You see here a hobgoblin corpse.
Found a stone staircase leading down.
Are you sure you want to abandon this character and quit the game? (Confirm with "yes".)

..#..#.#.. .....
....##.#..#.#.# ...>
................ #...
............... ...
##.#.##.#......# ..
..............# #.
#.#.##.#.####.#
#.#.###.#.##.#.####.#
#...@.†.)............
#....###.#....###.....
#.... #.#............
#.... #.#............
#.... #.#....###.....
#.... ..#............
#.... ..#............
#.... ..#............
..........###..


There were no monsters in sight!

Vanquished Creatures
  A dart slug (D:1)
  2 bats (D:1)
  An endoplasm (D:1)
  A goblin (D:1)
  A hobgoblin (D:1)
  A kobold (D:1)
  3 frilled lizards (D:1)
  A rat (D:1)
11 creatures vanquished.

Notes
Turn   | Place    | Note
-------+----------+-------------------------------------------
     0 | D:1      | Strat the Human Wanderer began the quest for the Orb.
     0 | D:1      | Strat set off with the following items: a +2 mace, 10
                  | poisoned darts, a +0 dagger, a scroll of fear, a +0 leather
                  | armour; and the following spell memorised: Foxfire; and the
                  | following spells available to memorise: Inner Flame.
     0 | D:1      | Reached XP level 1. HP: 16/16 MP: 2/2
    80 | D:1      | Reached XP level 2. HP: 22/22 MP: 3/3
   116 | D:1      | Found a faded altar of an unknown god.
   129 | D:1      | Prayed at the altar of an unknown god.
   129 | D:1      | Became a worshipper of Sif Muna the Loreminder
   129 | D:1      | Reached * piety under Sif Muna
   219 | D:1      | Reached skill level 3 in Maces & Flails
   222 | D:1      | Quit the game

Illustrated notes

Levels and vault maps discovered:
D:1:      co_arrival_square_in_a_square_in_a_square, layout_basic,
          hellmonk_ecumenical_altar_heavens_door, serial_shops, shop,
          chequers_serial_rivers_small_3

Skill      XL: |  1  2 |
---------------+-------+-----
Maces & Flails | 3 |  3.0
Fighting       | |  2.0
Throwing       | |  1.0
Armour         | |  1.0
Dodging        | |  1.0
Spellcasting   | |  1.0
Fire Magic     | |  2.0

Action                     || total
---------------------------++-------
  Melee: Mace              ||    22
 Armour: Leather armour    ||    11
  Dodge: Dodged            ||    15

Table legend: (Time is in decaauts)
 A = Elapsed time spent in this place.
 B = Non-inter-level travel time spent in this place.
 C = Inter-level travel time spent in this place.
 D = Time resting spent in this place.
 E = Time spent auto-exploring this place.
 F = Levels seen in this place.
 G = Mean time per level.
                   A        B        C        D        E       F      G
               +--------+--------+--------+--------+--------+-----+--------+
         Total |    227 |    227 |      0 |     19 |    106 |   1 |  227.0 |
       Dungeon |    227 |    227 |      0 |     19 |    106 |   1 |  227.0 |
               +--------+--------+--------+--------+--------+-----+--------+

Top non-repeatable levels by time:
     D:1: 227 daAuts
